 Dungeon Crawl Stone Soup version 0.26-a0-708-g17f3b190f9 (webtiles) character file.

Game seed: 14306576315572105938

34023 jiml777 the Thaumaturge (level 13, -11/63 HPs)
             Began as a Deep Elf Air Elementalist on Oct 27, 2020.
             Was an Elder of Sif Muna.
             Mangled by a komodo dragon (29 damage)
             ... on level 4 of the Lair of Beasts on Oct 28, 2020.
             The game lasted 03:26:44 (22850 turns).

jiml777 the Thaumaturge (DEAE)                     Turns: 22850, Time: 03:26:44

Health: -11/63     AC: 14    Str:  7    XL:     13   Next: 39%
Magic:  17/42      EV: 14    Int: 29    God:    Sif Muna [****..]
Gold:   161        SH:  8    Dex: 18    Spells: 11/39 levels left

rFire    + + .     SeeInvis +   k - +1 quick blade "Dinaob" {elec, *Drain rF+ Str+5 SInv}
rCold    + + .     Faith    .   S - +2 buckler {reflect}
rNeg     + + .     Spirit   .   J - +2 robe {rN+}
rPois    +         Reflect  +   g - +3 hat of Pondering {ponderous, MR+ MP+10 Int+5}
rElec    +         Harm     .   Q - +2 ratskin cloak {*Rats rPois rN+ Str-1 Int-1 Dex+1}
rCorr    .         Rampage  .   T - +0 pair of gloves {archery}
MR       +++..                  P - +1 pair of boots
Stlth    +++.......             D - amulet of regeneration
HPRegen  0.60/turn              n - ring of Ellimyta {rElec rC++ MR+ Str-5}
MPRegen  0.28/turn              I - ring of poison resistance

@: swift, quick
A: beak, agile 1, fire resistance 1, strong 1, MP-powered wands
a: Channel Magic, Forget Spell, Divine Exegesis, Renounce Religion


You were on level 4 of the Lair of Beasts.
You worshipped Sif Muna.
Sif Muna was greatly pleased with you.
You visited 4 branches of the dungeon, and saw 16 of its levels.

You collected 1729 gold pieces.
You spent 1568 gold pieces at shops.

Inventory:

Hand Weapons
 e - a +0 vorpal hunting sling
 k - the +1 quick blade "Dinaob" (weapon) {elec, *Drain rF+ Str+5 SInv}
   (You acquired it on level 1 of the Lair of Beasts)

   Occasionally, upon striking a foe, it will discharge some electrical energy
   and cause terrible harm.
   It affects your strength (+5).
   It protects you from fire.
   It lets you see invisible.
   It causes draining when unequipped.
Missiles
 i - 32 poisoned darts
 m - 386 stones (quivered)
 t - 5 silver boomerangs
 v - 75 sling bullets
 y - 116 arrows
 M - 5 curare-tipped darts
Armour
 a - a +2 robe of cold resistance
 g - the +3 hat of Pondering (worn) {ponderous, MR+ MP+10 Int+5}
   (You bought it in a shop on level 2 of the Orcish Mines)

   It affects your intelligence (+5).
   It affects your resistance to hostile enchantments.
   It affects your magic capacity (+10).
 J - a +2 robe of positive energy (worn)
 L - a +0 pair of boots
 P - a +1 pair of boots (worn)
 Q - the +2 ratskin cloak (worn) {*Rats rPois rN+ Str-1 Int-1 Dex+1}
   (You found it on level 8 of the Dungeon)

   It affects your strength (-1).
   It affects your intelligence (-1).
   It affects your dexterity (+1).
   It protects you from poison.
   It protects you from negative energy.
 S - a +2 buckler of reflection (worn)
 T - a +0 pair of gloves of archery (worn)
Magical Staves
 z - an uncursed staff of death
Jewellery
 l - an uncursed ring of see invisible
 n - the ring of Ellimyta (left hand) {rElec rC++ MR+ Str-5}
   (You acquired it on level 6 of the Dungeon)

   [ring of protection from magic]

   It affects your strength (-5).
   It greatly protects you from cold.
   It insulates you from electricity.
   It affects your resistance to hostile enchantments.
 C - an uncursed ring of stealth
 D - an amulet of regeneration (around neck)
 I - a ring of poison resistance (right hand)
 N - an uncursed ring of protection from fire
Wands
 q - a wand of flame (13)
 r - a wand of iceblast (6)
 E - a wand of enslavement (15)
 G - a wand of acid (10)
 O - a wand of paralysis (11)
 R - a wand of digging (4)
Scrolls
 c - 10 scrolls of teleportation
 d - a scroll of holy word
 o - 3 scrolls of fear
 s - 4 scrolls of identify
 u - 9 scrolls of remove curse
 w - a scroll of blinking
 x - a scroll of magic mapping
 B - a scroll of silence
 F - a scroll of fog
Potions
 b - 2 potions of haste
 h - 4 potions of invisibility
 j - 10 potions of curing
 p - 2 potions of might
 A - 4 potions of flight
 K - 2 potions of ambrosia
Miscellaneous
 f - a phial of floods
 H - a phantom mirror


   Skills:
 - Level 0.2 Fighting
   Level 0.2 Maces & Flails
 - Level 6.0 Armour
 - Level 4.0 Dodging
 - Level 3.8 Stealth
 - Level 5.0 Shields
 + Level 13.7 Spellcasting
 * Level 8.3 Conjurations
 * Level 3.7 Hexes
 * Level 7.7 Translocations
 + Level 10.4 Air Magic
 * Level 8.4 Invocations
 * Level 7.9 Evocations


You had 11 spell levels left.
You knew the following spells:

 Your Spells              Type           Power        Failure   Level
a - Shock                 Conj/Air       ####         1%          1
b - Swiftness             Air            ######..     1%          2
c - Static Discharge      Conj/Air       ######..     1%          3
d - Airstrike             Air            ######....   1%          4
e - Apportation           Tloc           ######       1%          1
f - Blink                 Tloc           N/A          1%          2
g - Gell's Gravitas       Tloc           ######....   1%          3
h - Teleport Other        Tloc           ######..     1%          3
i - Searing Ray           Conj           ######       1%          2
j - Lightning Bolt        Conj/Air       ######....   1%          5
k - Slow                  Hex            #####...     1%          2

Your spell library contained the following spells:

 Spells                   Type           Power        Failure   Level
 Corona                   Hex            #####..      1%          1
 Magic Dart               Conj           ####         1%          1
 Conjure Flame            Conj/Fire      #####...     1%          3
 Dazzling Flash           Conj/Hex       ######       1%          3
 Lesser Beckoning         Tloc           ######....   1%          3
 Mephitic Cloud           Conj/Pois/Air  ######..     1%          3
 Fulminant Prism          Conj/Hex       ######....   1%          4
 Iskenderun's Mystic Bla  Conj/Tloc      ######..     1%          4
 Passage of Golubria      Tloc           N/A          1%          4
 Animate Skeleton         Necr           ###...       2%          1
 Summon Small Mammal      Summ           ###.         2%          1
 Call Imp                 Summ           ###.....     3%          2


Dungeon Overview and Level Annotations

Branches:
Dungeon (9/15)             Temple (1/1) D:5            Lair (4/6) D:9
 Spider (0/4) Lair:2          Orc (2/2) D:9             Elf (0/3) Orc:2
  Swamp: Lair:2-4    Shoals: Lair:2-4

Altars:
Cheibriados
Dithmenos
Elyvilon
Fedhas
Gozag
Okawaru
Qazlal
Sif Muna
Trog
Vehumet
Zin
The Shining One
Beogh

Shops:
D:5 *   Orc:1 *   Orc:2 [[*[(

Annotations:
D:9 1 runed translucent door


Innate Abilities, Weirdness & Mutations

You have a beak for a mouth.
You are agile. (Dex +2)
Your flesh is heat resistant. (rF+)
Your muscles are strong. (Str +2)
You expend magic power (3 MP) to strengthen your wands.


Message History

Casting: Blink (safe; 1% risk of failure)
Confirm with . or Enter, or press ? or * to list all spells.
You feel quick. The elephant closely misses you.
The elephant trunk-slaps you but does no damage.
Casting: Swiftness (safe; 1% risk of failure)
Confirm with . or Enter, or press ? or * to list all spells.
This spell is already in effect.
Casting: Swiftness (safe; 1% risk of failure)
Confirm with . or Enter, or press ? or * to list all spells.
You blink.
Casting: Blink (safe; 1% risk of failure)
Confirm with . or Enter, or press ? or * to list all spells.
Aiming: Lightning Bolt (dangerous; 1% risk of failure)
Press: ? - help, Shift-Dir - straight line, f/p - elephant
Aim: an elephant (translocational energy, lightly wounded)
Okay, then.
You block the cane toad's attack.
There is a stone staircase leading up here.
The komodo dragon bites you!!
You die...

. . . #+. ..
#.#.# ##..# ####
###P.+###.P###
#§.(..lYF@...#
##.....Yl...## #
#P..........# .##
##..†..Y....+...#
#...........#
#...........##
##...........#
#P.####†##### ##.
#.##


You could see 3 elephants, 2 komodo dragons and a cane toad.

Vanquished Creatures
  Jorgrun (Orc:1)
  2 orc warlords (Orc:2)
  A stone giant (Orc:2)
  An ettin (Orc:1)
  Harold (Lair:1)
  2 hydras
  A catoblepas (Lair:4)
  2 orc high priests (Orc:2)
  2 deep elf magi (Orc:2)
  3 orc knights (Orc:2)
  2 orc sorcerers
  2 komodo dragons (Lair:1)
  6 cane toads
  5 trolls
  2 polar bears
  8 blink frogs
  A wraith (D:9)
  A wyvern (Lair:3)
  26 yaks
  Sigmund (D:3)
  2 basilisks
  6 wargs
  5 water moccasins
  32 orc warriors
  2 sky beasts
  An eye of draining (D:9)
  A black bear (D:8)
  2 phantoms
  14 ogres
  6 wolves
  2 centaurs (D:7)
  6 big kobolds (D:9)
  10 bullfrogs
  3 gnoll sergeants (D:9)
  A wyvern skeleton (D:7)
  3 scorpions
  10 wights (D:8)
  4 howler monkeys
  2 electric eels (D:9)
  A crimson imp (Orc:2)
  A quasit (D:9)
  A centaur zombie (D:6)
  A bullfrog skeleton (D:7)
  2 jellies
  21 orc priests
  8 hounds
  6 iguanas
  An iron imp (Orc:2)
  35 orc wizards
  3 hell rats (D:8)
  6 worker ants
  A killer bee zombie (D:8)
  A howler monkey zombie (D:5)
  4 gnolls
  A worker ant zombie (D:8)
  6 adders
  4 river rats (D:8)
  4 shadow imps
  3 white imps
  An ufetubus (D:7)
  An adder zombie (D:9)
  4 worms
  A dart slug (D:1)
  3 leopard geckos
  94 orcs
  5 ball pythons
  8 giant cockroaches
  9 goblins
  8 hobgoblins
  24 jackals
  9 quokkas
  5 bats
  2 frilled lizards
  9 kobolds
  A quokka skeleton (D:4)
  22 rats
498 creatures vanquished.

Vanquished Creatures (collateral kills)
  A blink frog (Lair:1)
  An orc (Orc:2)
2 creatures vanquished.

Vanquished Creatures (others)
  A swamp drake (Orc:2)
  2 orcs (Orc:2)
  25 fungi
  22 plants
50 creatures vanquished.

Grand Total: 550 creatures vanquished

Notes
Turn   | Place    | Note
-------+----------+-------------------------------------------
     0 | D:1      | jiml777 the Deep Elf Air Elementalist began the quest for
                  | the Orb.
     0 | D:1      | Reached XP level 1. HP: 10/10 MP: 6/6
   275 | D:1      | Reached XP level 2. HP: 15/15 MP: 6/8
   804 | D:1      | Reached XP level 3. HP: 19/19 MP: 4/9
   849 | D:1      | Learned a level 2 spell: Swiftness
   853 | D:1      | Learned a level 3 spell: Static Discharge
  2286 | D:3      | Found a blossoming altar of Fedhas.
  2312 | D:3      | Reached XP level 4. HP: 24/24 MP: 6/11
  2318 | D:3      | Reached skill level 4 in Spellcasting
  2469 | D:3      | Reached XP level 5. HP: 28/28 MP: 9/14
  2719 | D:3      | Found a bloodstained altar of Trog.
  2785 | D:3      | Found an opulent altar of Gozag.
  2907 | D:3      | Learned a level 4 spell: Airstrike
  3011 | D:3      | Reached skill level 5 in Spellcasting
  3089 | D:3      | Noticed Sigmund
  3104 | D:3      | Killed Sigmund
  3104 | D:3      | Reached XP level 6. HP: 29/32 MP: 8/16
  3434 | D:4      | Reached skill level 6 in Spellcasting
  3453 | D:4      | Reached skill level 5 in Air Magic
  3622 | D:4      | Reached XP level 7. HP: 28/36 MP: 1/18
  4274 | D:4      | Reached skill level 7 in Spellcasting
  4357 | D:4      | Learned a level 1 spell: Apportation
  4585 | D:5      | Entered Level 5 of the Dungeon
  4789 | D:5      | Found a staircase to the Ecumenical Temple.
  4809 | Temple   | Entered the Ecumenical Temple
  4815 | Temple   | Became a worshipper of Sif Muna the Loreminder
  5085 | D:5      | Reached skill level 1 in Translocations
  5321 | D:5      | Found Hesom's Assorted Antiques.
  5328 | D:5      | Bought a notched ruby ring for 90 gold pieces
  5328 | D:5      | Bought an embroidered robe for 66 gold pieces
  5328 | D:5      | Bought a scroll labeled XOXUZO ECSOM for 18 gold pieces
  5512 | D:5      | Reached skill level 1 in Evocations
  5512 | D:5      | Reached XP level 8. HP: 41/41 MP: 11/21
  5649 | D:5      | Found a glowing silver altar of Zin.
  6050 | D:6      | Reached skill level 8 in Spellcasting
  6092 | D:6      | Identified a scroll of acquirement
  6092 | D:6      | Acquired a book of Spatial Translocations
  6099 | D:6      | Learned a level 2 spell: Blink
  6103 | D:6      | Learned a level 3 spell: Gell's Gravitas
  6107 | D:6      | Learned a level 3 spell: Teleport Other
  6575 | D:6      | Acquired the ring of Ellimyta {rElec rC++ MR+ Str-5}
  6725 | D:7      | Found an iron altar of Okawaru.
  6995 | D:7      | Reached skill level 1 in Invocations
  7055 | D:7      | Reached * piety under Sif Muna
  7349 | D:7      | Reached skill level 5 in Conjurations
  8226 | D:8      | Reached skill level 9 in Spellcasting
  8341 | D:8      | Gained mutation: You are resistant to hostile enchantments.
                  | (MR+) [potion of mutation]
  8341 | D:8      | Gained mutation: You have a beak for a mouth. [potion of
                  | mutation]
  8341 | D:8      | Gained mutation: You passively map a small area around you.
                  | [potion of mutation]
  8342 | D:8      | Lost mutation: You are resistant to hostile enchantments.
                  | (MR+) [potion of mutation]
  8342 | D:8      | Lost mutation: You passively map a small area around you.
                  | [potion of mutation]
  8342 | D:8      | Gained mutation: Your flesh is heat resistant. (rF+)
                  | [potion of mutation]
  8342 | D:8      | Gained mutation: You are agile. (Dex +2) [potion of
                  | mutation]
  8342 | D:8      | Gained mutation: Your muscles are strong. (Str +2) [potion
                  | of mutation]
  8342 | D:8      | Gained mutation: You expend magic power (3 MP) to
                  | strengthen your wands. [potion of mutation]
  8487 | D:8      | Noticed a troll
  8491 | D:8      | Killed a troll
  8491 | D:8      | Reached XP level 9. HP: 45/45 MP: 0/24
  9081 | D:8      | Noticed a troll
  9084 | D:8      | Killed a troll
  9115 | D:8      | Reached skill level 10 in Spellcasting
  9268 | D:8      | Reached ** piety under Sif Muna
  9358 | D:8      | Learned a level 2 spell: Searing Ray
  9564 | D:8      | Found the +2 ratskin cloak {*Rats rPois rN+ Str-1 Int-1
                  | Dex+1}
  9764 | D:8      | Found a radiant altar of Vehumet.
 10455 | D:9      | Reached XP level 10. HP: 50/50 MP: 21/26
 10456 | D:9      | Found a staircase to the Lair.
 10479 | D:9      | Reached skill level 5 in Invocations
 10719 | D:9      | Learned a level 5 spell: Lightning Bolt
 11019 | D:9      | Found a runed translucent door.
 11047 | D:9      | Reached skill level 11 in Spellcasting
 11054 | D:8      | Reached skill level 5 in Evocations
 11324 | D:9      | Noticed a sixfirhy
 11711 | D:9      | Reached skill level 5 in Translocations
 11714 | D:9      | Reached *** piety under Sif Muna
 11831 | D:9      | Found a staircase to the Orcish Mines.
 11850 | Orc:1    | Entered Level 1 of the Orcish Mines
 12257 | Orc:2    | Entered Level 2 of the Orcish Mines
 12291 | Orc:2    | Noticed a stone giant
 12319 | Orc:2    | Killed a stone giant
 12319 | Orc:2    | Reached XP level 11. HP: 16/54 MP: 16/28
 12768 | Orc:2    | Found Vits's Armour Boutique.
 12777 | Orc:2    | Bought a +2 buckler of reflection for 277 gold pieces
 12805 | Orc:2    | Noticed an orc knight
 12826 | Orc:2    | Killed an orc knight
 12826 | Orc:2    | Reached skill level 12 in Spellcasting
 13141 | Orc:2    | Found a roughly hewn altar of Beogh.
 13174 | Orc:2    | Noticed an orc knight
 13331 | Orc:2    | Killed an orc knight
 13690 | Orc:2    | Noticed an orc warlord
 13713 | Orc:2    | Killed an orc warlord
 14301 | Orc:2    | Found a roughly hewn altar of Beogh.
 14492 | Orc:2    | Noticed a deep elf mage
 14504 | Orc:2    | Noticed an orc knight
 14593 | Orc:2    | Noticed a deep elf mage
 14596 | Orc:2    | Killed a deep elf mage
 14602 | Orc:2    | Killed a deep elf mage
 14831 | Orc:2    | Found a roughly hewn altar of Beogh.
 14834 | Orc:2    | Found Watoonye's Armour Shoppe.
 14842 | Orc:2    | Bought a +0 pair of gloves of archery for 172 gold pieces
 15655 | Orc:2    | Killed an orc knight
 15655 | Orc:2    | Reached skill level 1 in Armour
 15810 | Orc:2    | Reached XP level 12. HP: 59/59 MP: 13/30
 15970 | Orc:2    | Noticed an orc warlord
 15994 | Orc:2    | Noticed an orc high priest
 16022 | Orc:2    | Killed an orc warlord
 16026 | Orc:2    | Killed an orc high priest
 16376 | Orc:2    | Found a roughly hewn altar of Beogh.
 16376 | Orc:2    | Found Guwkea's Antique Armour Emporium.
 16379 | Orc:2    | Found Waro's Antique Weapon Shoppe.
 16732 | Orc:2    | Found a roughly hewn altar of Beogh.
 16838 | Orc:2    | Found a staircase to the Elven Halls.
 16865 | Orc:2    | Noticed an orc high priest
 16870 | Orc:2    | Killed an orc high priest
 16870 | Orc:2    | Reached skill level 5 in Armour
 16985 | Orc:2    | Found a roughly hewn altar of Beogh.
 16992 | Orc:2    | Found Cuhiqod's General Store.
 17131 | Orc:1    | Found Taetefi's Assorted Antiques.
 17150 | Orc:1    | Bought a scroll labeled VAQIV HEUKHU for 31 gold pieces
 17509 | Orc:1    | Noticed an ettin
 17515 | Orc:1    | Killed an ettin
 17583 | Orc:1    | Noticed Jorgrun
 17592 | Orc:1    | Killed Jorgrun
 18465 | Orc:2    | Bought the +3 hat of Pondering {ponderous, MR+ MP+10 Int+5}
                  | for 914 gold pieces
 18465 | Orc:2    | Found the +3 hat of Pondering {ponderous, MR+ MP+10 Int+5}
 18634 | Lair:1   | Entered Level 1 of the Lair of Beasts
 18699 | Lair:1   | Acquired the +1 quick blade "Dinaob" {elec, *Drain rF+
                  | Str+5 SInv}
 18705 | Lair:1   | Learned a level 2 spell: Slow
 18788 | Lair:1   | Reached skill level 5 in Shields
 18900 | Lair:1   | Reached skill level 13 in Spellcasting
 18900 | Lair:1   | Reached skill level 1 in Hexes
 19269 | Lair:1   | Noticed Harold
 19275 | Lair:1   | Killed Harold
 19316 | Lair:1   | Reached **** piety under Sif Muna
 20126 | Lair:2   | Found a hole to the Spider Nest.
 20587 | Lair:2   | Noticed a five-headed hydra
 20594 | Lair:2   | Killed a five-headed hydra
 20594 | Lair:2   | Reached skill level 10 in Air Magic
 20594 | Lair:2   | Reached XP level 13. HP: 63/63 MP: 22/32
 22850 | Lair:4   | Mangled by a komodo dragon

Illustrated notes

Levels and vault maps discovered:
D:1:      scummos_arrival_star, layout_basic
D:2:      layout_basic
D:3:      cheibrodos_old_hovel, layout_basic, lightli_temple_of_fire,
          fedhas_altar_3, lemuel_coloured_pillars_altar,
          minmay_misc_feat_nine_boxes, uniq_sigmund
D:4:      layout_rooms
D:5:      layout_loops_cross, kennysheep_mini, minmay_temple_entry_proselytizer,
          serial_shops, shop
D:6:      layout_rooms, dk_noncrumbling_3
D:7:      layout_basic, okawaru_trees_1, kennysheep_donut,
          hangedman_decor_opposing, minmay_misc_feat_x
D:8:      wander_guarded_unrand_ratskin, layout_basic, old_standard_altar
D:9:      cheibrodos_shockbox, layout_irregular_city, erik_lair_island,
          kennysheep_orc_monster_closet_entryway
Temple:   eino_temple_rhombus
Lair:1:   layout_hall_layers, grunt_megastairs_4, serial_bayou_shore_b,
          uniq_harold
Lair:2:   layout_cave_pods, nicolae_spider_entry_non_spiders
Lair:3:   layout_layer_cave
Lair:4:   layout_roguey, palyth_hydra_swamp_entry, special_room
          [special_room_bee], basic_altar, serial_bayou_pond_b,
          grunt_megastairs_5
Orc:1:    layout_diamond_mine, serial_shops, nicolae_shop_trees, uniq_jorgrun
Orc:2:    grunt_orc_community_town_hall, layout_caves,
          grunt_orc_community_big_house_1, grunt_orc_community_big_house_2,
          grunt_orc_community_house_2, grunt_orc_community_house_1,
          grunt_orc_community_house_3, grunt_orc_community_house_2,
          grunt_orc_community_house_3, grunt_orc_community_house_1,
          serial_shops, nicolae_shop_statue_plus, hangedman_minor_magic

Skill      XL: |  1  2  3  4  5  6  7  8  9 10 11 12 13 |
---------------+----------------------------------------+-----
Conjurations   | 2 3 4 5 6 7 8 |  8.3
Spellcasting   | 4 5 6 7 9 10 11 12 13 | 13.7
Stealth        | 3 |  3.8
Air Magic      | 4 5 7 8 9 10 | 10.4
Dodging        | 3 4 |  4.0
Translocations | 1 2 4 5 6 7 |  7.7
Evocations     | 1 3 4 6 7 |  7.9
Invocations    | 2 4 6 7 8 |  8.4
Armour         | 2 6 |  6.0
Shields        | 5 |  5.0
Hexes          | 2 3 |  3.7
Fighting       | |  0.2
Maces & Flails | |  0.2

Action                   |  1- 3 |  4- 6 |  7- 9 | 10-12 | 13-15 || total
-------------------------+-------+-------+-------+-------+-------++-------
Melee: Whip              |     7 |     3 |       |     2 |       ||    12
       Peck              |       |       |       |     2 |       ||     2
       Quick blade       |       |       |       |     1 |       ||     1
 Cast: Shock             |   100 |    62 |   108 |    44 |     1 ||   315
       Swiftness         |       |     1 |       |     9 |     1 ||    11
       Airstrike         |       |     6 |   122 |   373 |    51 ||   552
       Gell's Gravitas   |       |       |     3 |       |       ||     3
       Lightning Bolt    |       |       |       |    55 |    37 ||    92
       Blink             |       |       |       |     4 |     2 ||     6
       Static Discharge  |       |       |       |     4 |       ||     4
Invok: Channel Magic     |       |       |     3 |    27 |     4 ||    34
Evoke: Wand              |       |       |       |     5 |       ||     5
  Use: Scroll            |    10 |       |    16 |     5 |     2 ||    33
       Potion            |       |       |     2 |     6 |       ||     8
Armor: Robe              |     8 |     2 |     4 |    28 |    13 ||    55
Dodge: Dodged            |    17 |    22 |    17 |   115 |     9 ||   180
Block: Buckler           |       |       |       |    27 |     9 ||    36
       Reflection        |       |       |       |     4 |       ||     4

Table legend: (Time is in decaauts)
 A = Elapsed time spent in this place.
 B = Non-inter-level travel time spent in this place.
 C = Inter-level travel time spent in this place.
 D = Time resting spent in this place.
 E = Time spent auto-exploring this place.
 F = Levels seen in this place.
 G = Mean time per level.
                   A        B        C        D        E       F      G
               +--------+--------+--------+--------+--------+-----+--------+
         Total |  23098 |  22304 |    794 |   9230 |   7339 |  16 | 1443.6 |
       Dungeon |  12277 |  11735 |    542 |   4539 |   4328 |   9 | 1364.1 |
        Temple |     26 |     25 |      1 |      0 |      0 |   1 |   26.0 |
          Lair |   4466 |   4417 |     49 |   1339 |   2476 |   4 | 1116.5 |
  Orcish Mines |   6327 |   6127 |    200 |   3352 |    535 |   2 | 3163.5 |
               +--------+--------+--------+--------+--------+-----+--------+

Top non-repeatable levels by time:
   Orc:2: 4525 daAuts
     D:8: 2142 daAuts
  Lair:3: 1835 daAuts
   Orc:1: 1801 daAuts
     D:9: 1793 daAuts
     D:7: 1557 daAuts
     D:3: 1533 daAuts
  Lair:1: 1427 daAuts
     D:5: 1331 daAuts
  Lair:2: 1156 daAuts
     D:4: 1092 daAuts
     D:1: 996 daAuts
     D:2: 987 daAuts
     D:6: 841 daAuts
  Lair:4: 46 daAuts
